Description

Max out at 9:27

Replay - Gold 3 - ZvP - Game 3

Build Order

Get SALT Encoding   

  12  0:00  Drone  
  13  0:14  Overlord  
  14  0:21  Drone  
  14  0:33  Drone x2  
  16  0:49  Hatchery  
  15  0:53  Drone x2  
  17  1:00  Drone  
  18  1:14  Spawning Pool  
  18  1:17  Drone x2  
  19  1:30  Drone  
  20  1:34  Extractor  
  19  1:52  Overlord  
  20  2:01  Queen x2  
  28  2:23  Overlord  
  31  2:48  Lair  
  31  2:49  Queen  
  33  2:52  Overlord  
  44  3:22  Roach Warren  
  44  3:24  Evolution Chamber  
  45  3:37  Extractor x2  
  43  3:41  Overlord  
  46  4:00  Hatchery  
  46  4:01  Glial Reconstitution  
  46  4:02  Zerg Missile Weapons Level 1  
  51  4:19  Queen  
  53  4:27  Roach x6  
  63  4:34  Roach  
  84  5:28  Extractor x2  
  84  5:32  Hydralisk Den  
  84  5:47  Evolution Chamber  
  84  5:48  Extractor  
  85  5:59  Hatchery  
  88  6:09  Zerg Missile Weapons Level 2  
  88  6:11  Grooved Spines  
  88  6:12  Zerg Ground Armor Level 1  
  88  6:29  Hydralisk x10  
  134  7:22  Muscular Augments  
  139  7:30  Extractor x2  
  139  7:36  Infestation Pit  
  140  7:39  Hatchery  
  175  8:20  Hive  
  175  8:22  Zerg Ground Armor Level 2  
  183  9:26  Roach x3  
  199  9:54  Overseer x3  
  191  12:05  Hatchery  
Spawning Tool Build Advisor. Get it on Overwolf

Go to:

Details

  • Created by: g.georgi@gmail.com
  • Published on: May 01, 2025
  • Modified on: May 01, 2025
  • Patch: 5.0.11
  • Difficulty: Medium
Show
View Real Time Build Order
Export as new Build Order

Comments (0)

There are no comments. Be the first!

Create an account to comment!